AoeStats
← GRERREIRO TOP

MegaRandom

511065445Analyzed
2v2 RM · 7h ago on Oct 3, 2026· 42m 4s· 4 players
Game mode
Random Map
Map size
Medium (4 player)
Population
200
Speed
Normal
Resources
Standard
Victory
Conquest
Starting age
Dark Age
Ending age
Imperial Age
RankedLock teamsTeams togetherTeam positionsShared explorationLock speedFull tech treeHidden civsTurbo modeCheats
Victory
Defeat
🇦🇷 Persians · Argentina
1528
+11
🇦🇷 Vietnamese · Argentina
1495
+14
🇧🇷 Varangians · Brazil
1643
-20
🇧🇷 Magyars · Brazil
1198
-5
LSKingdom9970
9:23 Feudal Age
11:32 Loom
14:27 Castle Age
16:07 Double-Bit Axe
16:04 Horse Collar
18:05 Bloodlines
20:20 Scale Barding Armor
22:51 Wheelbarrow
26:03 Chain Barding Armor
27:03 Town Watch
27:58 Bow Saw
31:15 Ballistics
35:42 Husbandry
41:59 Imperial Age
GRERREIRO TOP
10:11 Feudal Age
11:55 Loom
15:25 Castle Age
18:29 Horse Collar
19:24 Double-Bit Axe
21:22 Scale Barding Armor
22:15 Fletching
23:31 Arson
23:40 Town Watch
24:25 Bloodlines
25:19 Gold Mining
25:37 Pikeman
27:43 Bow Saw
28:00 Padded Archer Armor
29:05 Ballistics
29:43 Gold Shaft Mining
29:40 Leather Archer Armor
29:20 Bodkin Arrow
30:23 Chain Barding Armor
31:08 Heavy Plow
33:31 Scale Mail Armor
34:54 Wheelbarrow
34:20 Town Patrol
37:41 Imperial Age
36:35 Hand Cart
37:54 Stone Mining
40:24 Husbandry
39:45 Light Cavalry
40:17 Halberdier
42:01 Bracer
EIM | chucky 33
6:47 Loom
9:58 Feudal Age
11:47 Double-Bit Axe
19:40 Castle Age
19:20 Horse Collar
19:34 Gold Mining
20:21 Forging
20:59 Scale Mail Armor
21:19 Squires
22:06 Fletching
23:51 Iron Casting
29:29 Chain Mail Armor
36:01 Imperial Age
34:36 Wheelbarrow
38:17 Chemistry
38:45 Plate Mail Armor
39:11 Elite Fire Lancer
40:29 Bow Saw
Cazaputas42
7:14 Loom
9:30 Feudal Age
9:56 Double-Bit Axe
10:07 Horse Collar
14:13 Wheelbarrow
19:05 Castle Age
17:42 Scale Barding Armor
18:14 Gold Mining
18:58 Forging
19:15 Bloodlines
24:36 Husbandry
27:52 Hand Cart
28:21 Heavy Plow
29:38 Chain Barding Armor
30:06 Iron Casting
31:07 Ballistics
36:26 Imperial Age
34:42 Light Cavalry
36:10 Gold Shaft Mining
35:53 Bow Saw
36:07 Cavalier
37:25 Plate Barding Armor
38:00 Chemistry
36:39 Heavy Scorpion
38:34 Blast Furnace
42:05 Fletching
42:15 Padded Archer Armor
Connection lost

Rejoining the realm…

Still unreachable

The connection could not be restored.

Session expired

The server has moved on; the page needs a fresh start.